Map: Kairos Junction LE

Players

Lambo

  • Race: Zerg Zerg
  • League: Master
  • Spawn Location: 5:00

OGZest (Zest) - Winner!

  • Race: Protoss Protoss
  • Spawn Location: 11:00

Event: HomeStory Cup XIX

VOD

Have the link to the VOD?

Description

Time

  • Played on: June 29, 2019, 12:59 p.m.
  • Length: 8:07

All games in this series

Show
View Real Time Build Order
Export as new Build Order

Lambo Zerg 

Build Orders: Hatch First 

Get SALT Encoding   

  12  0:00  Drone  
  13  0:12  Overlord  
  13  0:17  Drone  
  14  0:30  Drone x2  
  16  0:49  Drone  
  17  0:51  Hatchery  
  17  0:55  Drone  
  17  0:58  Drone  
  18  1:09  Extractor  
  17  1:13  Spawning Pool  
  17  1:16  Drone  
  17  1:20  Drone  
  18  1:28  Drone  
  19  1:41  Drone  
  20  1:55  Overlord  
  20  2:01  Queen  
  20  2:05  Zergling x2, Queen  
  25  2:11  Zergling x2, Drone  
  25  2:12  Metabolic Boost  
  27  2:16  Drone  
  28  2:25  Drone  
  28  2:26  Drone  
  30  2:39  Hatchery  
  30  2:42  Drone  
  30  2:44  Drone  
  31  2:52  Drone  
  31  2:53  Overlord  
  31  2:58  Queen  
  32  3:01  Drone  
  34  3:07  Drone  
  35  3:14  Drone x5  
  35  3:16  Zergling x2  
  41  3:22  Zergling x2  
  41  3:23  Drone  
  41  3:25  Overlord  
  43  3:42  Overlord  
  43  3:43  Drone x5  
  43  3:47  Drone x2  
  50  3:51  Overlord  
  50  4:03  Drone x3  
  50  4:05  Extractor  
  50  4:07  Extractor, Roach Warren  
  50  4:09  Drone x3  
  53  4:13  Zergling x6  
  53  4:15  Overlord  
  53  4:16  Zergling x2  
  53  4:17  Zergling x2  
  58  4:21  Zergling x2  
  58  4:23  Drone  
  60  4:27  Overlord  
  60  4:32  Lair, Overlord  
  60  4:35  Overlord  
  60  4:37  Overlord  
  59  4:43  Drone x3, Extractor  
  59  4:44  Drone  
  61  4:45  Drone  
  61  4:47  Drone  
  61  4:52  Roach x2  
  67  4:56  Drone x2  
  67  4:58  Zergling x2, Roach  
  71  5:02  Roach  
  77  5:07  Roach x2  
  77  5:12  Extractor  
  78  5:14  Roach x3  
  78  5:18  Drone  
  78  5:20  Roach x2  
  83  5:29  Overseer  
  83  5:30  Overseer  
  83  5:32  Overseer  
  83  5:33  Roach x2  
  80  5:37  Roach  
  80  5:39  Zergling x2  
  78  5:45  Drone x2  
  79  5:51  Drone x2  
  81  6:00  Drone x3  
  81  6:01  Drone  
  81  6:02  Drone  
  85  6:10  Overlord  
  85  6:15  Zergling x4, Roach Warren  
  85  6:16  Drone  
  85  6:17  Drone, Evolution Chamber  
  86  6:21  Drone x2  
  86  6:23  Drone  
  89  6:25  Drone  
  89  6:29  Queen  
  89  6:31  Drone x2  
  94  6:33  Drone x2  
  96  6:40  Drone  
  96  6:44  Overlord  
  96  6:46  Overlord  
  96  6:53  Drone x2  
  96  6:54  Baneling Nest  
  95  7:04  Overlord  
  95  7:05  Queen  
  95  7:06  Drone  
  95  7:07  Drone  
  95  7:08  Roach x5  
  109  7:15  Roach  
  111  7:17  Roach  
  111  7:22  Roach  
  114  7:23  Ravager  
  114  7:24  Ravager x3  
  114  7:28  Roach, Overlord  
  120  7:30  Ravager  
  120  7:32  Overlord  
  120  7:35  Overseer, Overlord  
  121  7:39  Overlord  
  121  7:41  Overlord  
  121  7:44  Overlord  
Show
View Real Time Build Order
Export as new Build Order

OGZest Protoss - Winner!

Build Orders: 1 Gate Expand, Archon Immortal, Dark Templar Rush 

Get SALT Encoding   

  12  0:00  Probe  
  13  0:12  Probe  
  14  0:18  Pylon  
  14  0:24  Probe  
  15  0:32  Probe  
  15  0:38  Gateway  
  15  0:40  Probe  
  16  0:48  Assimilator  
  17  0:51  Probe  
  18  1:03  Probe  
  19  1:15  Probe  
  20  1:25  Nexus  
  20  1:35  Cybernetics Core  
  20  1:38  Probe  
  21  1:46  Assimilator  
  21  1:50  Probe  
  21  1:53  Pylon  
  22  2:01  Adept  
  22  2:03  Probe  
  23  2:15  Probe  
  26  2:17  Robotics Facility  
  26  2:24  Warp Gate  
  26  2:27  Probe  
  27  2:33  Stalker  
  27  2:34  Probe  
  29  2:39  Probe  
  29  2:42  Probe  
  33  2:51  Probe  
  33  2:52  Probe  
  33  2:55  Warp Prism  
  34  3:03  Probe  
  34  3:04  Probe  
  40  3:16  Twilight Council  
  40  3:18  Gateway  
  38  3:20  Probe x2  
  40  3:32  Observer, Probe x2, Pylon  
  43  3:44  Assimilator, Probe x2  
  45  3:53  Dark Shrine  
  45  3:56  Probe x2  
  45  3:57  Assimilator  
  45  4:01  Gateway  
  47  4:03  Gateway  
  47  4:08  Probe x2  
  49  4:10  Pylon  
  49  4:16  Stalker x2  
  53  4:23  Immortal  
  53  4:32  Pylon  
  57  4:39  Probe x2  
  59  4:51  Probe x2, Pylon  
  61  5:05  Dark Templar x4  
  69  5:08  Pylon  
  69  5:11  Forge, Immortal, Pylon  
  73  5:24  Charge  
  73  5:42  Sentry x2  
  77  5:49  Immortal  
  75  6:00  Protoss Ground Weapons Level 1  
  75  6:03  Gateway  
  79  6:05  Gateway  
  79  6:07  Gateway  
  79  6:08  Gateway, Pylon  
  79  6:17  Nexus  
  79  6:19  Archon  
  79  6:23  Observer  
  79  6:26  Immortal  
  83  6:33  Sentry x3  
  83  6:34  Zealot  
  83  6:37  Pylon  
  91  6:44  Pylon  
  91  6:56  Pylon  
  91  7:01  Dark Templar x2  
  93  7:02  Zealot x5  
  105  7:09  Archon  
  105  7:11  Photon Cannon  
  105  7:13  Pylon  
  105  7:31  Dark Templar  
  105  7:32  Zealot x5  
  111  7:37  Zealot x5  
Tags
 
Add a new tag
Caveats
  • Supply blocks, unpowered buildings, or Contaminate may cause inaccurate times.
  • Supply counts are checked every 10 seconds.